Knighty, lawful male human Knight --- ----- --`---- -----...| |.....| --.|.....| ---.^...-- |.......-- |........| --......-- |..<....-- ---.....--- --...---- ---......----|...| |...........--.--- ---.|......%..*..| |^..|.......=..--- |.--.........*.-- |.|--...G.G.....-- |.| ----.@u...........| |.- --.)...........| . h.>.|.|.|...| .| .- ----------.-- -- --- -- Knighty the Esquire Experience level: 4 Strength: 16 Dexterity: 10 Constitution: 13 Intelligence: 8 Wisdom: 14 Charisma: 18 Health: 0(27) Energy: 30(30) Def: 7 Gold: 434 Moves: 2032 Dungeon seed: ylKO-qTCP-NIctIL Game ID: Knighty_1514418643 Your Inventory: Coins $ - 434 gold pieces Amulets h - an uncursed amulet of ESP (being worn) Weapons a - a +1 long sword (weapon in hand) k - 12 +0 darts l - a +0 crossbow m - 12 cursed -1 crossbow bolts (in quiver) Armor e - an uncursed +1 ring mail (being worn) n - a blessed +0 helmet (being worn) q - an uncursed +0 small shield (being worn) r - an uncursed +0 pair of leather gloves (being worn) Comestibles c - 13 uncursed apples d - 14 uncursed carrots Potions o - a cursed potion of booze Wands p - a wand of striking (0:4) Spells and supernatural/magical abilities: Name Level Category Fail Memory W - pray for help -- divine ? -- X - turn undead -- divine ? -- Y - supernatural jump -- ability ? -- Your skills at the end: Fighting Skills riding [Basic] Weapon Skills long sword [Basic] lance [Basic] Spellcasting Skills Final Attributes: You were piously aligned. You were telepathic. You could jump. You are dead. Vanquished creatures: 2 gnome lords a gnomish wizard a coyote a hobbit a large kobold 2 giant rats a yellow mold 9 gnomes a gecko 7 jackals a fox a kobold 5 goblins 2 sewer rats a grid bug 4 lichens 2 kobold zombies 8 newts 50 creatures vanquished. Voluntary challenges: You were an atheist. You used a wielded weapon 43 times, starting on turn 1. You were illiterate. You never genocided any monsters. You never polymorphed an object. You never changed form. You used no wishes. You never split a pudding. You never wrote Elbereth's name. You never violated your personal moral code. Dungeon overview: The Dungeons of Doom: levels 1 to 5 Level 1 a fountain a long staircase Level 2 an altar to Manannan Mac Lir Level 3 stairs to The Gnomish Mines Level 4 a fountain Level 5 The Gnomish Mines: levels 4 to 5 Level 4 stairs to The Dungeons of Doom Level 5 <- You were here History has recorded: On T:1 you entered the Dungeons of Doom to retrieve the Amulet of Yendor! On T:408 you advanced to experience level 2. On T:624 you reached level 2 of The Dungeons of Doom. On T:1114 you reached level 3 of The Dungeons of Doom. On T:1117 you advanced to experience level 3. On T:1118 you reached level 5 of The Dungeons of Doom. On T:1150 you reached level 4 of The Dungeons of Doom. On T:1635 you reached level 1 of The Gnomish Mines. On T:1680 you advanced to experience level 4. On T:1903 you reached level 2 of The Gnomish Mines. Score breakdown: Gold: 434 ( 8975 points) Experience: 4 levels ( 9649 points) Exploration: 5 levels ( 9.43%) ( 8320 points) Discoveries: 1 item ( 0.41%) ( 1912 points) Valuables value: (no points given unless you survive) Artifact value: 0 ( 0 points) Variety of kills: 18 monsters ( 4.72%) ( 6520 points) Turncount: 2032 turns ( -24 points) Survival: died (score multiplied by 80%) Total score: 28281 Latest messages: The saddled pony hits the sewer rat. The saddled pony bites the sewer rat. The sewer rat is killed! A cloud of gas puts you to sleep! You wake up. You displace your saddled pony. The gnome lord hits! You hit the gnome lord! The gnome lord misses. You kill the gnome lord! You miss the gnome king. The gnome king zaps a silver wand! The magic missile hits you! The magic missile bounces! (2x) The hobbit is killed by the magic missile! You hit the gnome king! You hit the gnome king. The gnome king zaps a wand of magic missile! The magic missile hits you! You hear the howling of the CwnAnnwn... The magic missile bounces! (2x) You miss the gnome king. The gnome king zaps a wand of magic missile! The magic missile hits you! You die... Final status: Fare thee well Knighty the Knight, killed by a magic missile... You died in The Gnomish Mines on dungeon level 5 with 28281 points, and 434 pieces of gold, after 2032 moves. You were level 4 with a maximum of 27 hit points when you died.